 Dungeon Crawl Stone Soup version 0.16-a0-4115-ga5ed934 (webtiles) character file.

676 McCoppin the Covert (level 7, -9/45 HPs)
             Began as an Octopode Assassin on Mar 1, 2015.
             Killed from afar by Sigmund (11 damage)
             ... with a puff of flame
             ... on level 4 of the Dungeon.
             The game lasted 00:37:41 (5530 turns).

McCoppin the Covert (Octopode Assassin)             Turns: 5530, Time: 00:37:41

Health: -9/45      AC:  1    Str: 10    XL:     7   Next: 60%
Magic:  7/7        EV: 12    Int: 13    God:
Gold:   262        SH:  0    Dex: 16    Spells: 0 memorised, 6 levels left

rFire  . . .     SeeInvis .     w - +0 falchion
rCold  . . .     Clarity  .     (no shield)
rNeg   . . .     SustAb   .     (helmet restricted)
rPois  .         Gourm    .     (no amulet)
rElec  .         Spirit   .     (no ring)
rCorr  .         Warding  .     (no ring)
rMut   .         Stasis   .     (no ring)
MR     .....                    (no ring)
Stlth  +++.......               (no ring)
                                (no ring)
                                (no ring)
                                (no ring)

@: confused, very slightly contaminated, hasted, very quick, not resistant to
hostile enchantments, fairly stealthy
A: almost no armour, amphibious, 8 rings, constrict 8, camouflage 1, gelatinous
body 1
a: no special abilities


You were on level 4 of the Dungeon.
You were hungry.

You visited 1 branch of the dungeon, and saw 4 of its levels.

You collected 262 gold pieces.

Inventory:

Hand weapons
 a - a +2 dagger
 b - a +0 blowgun
 o - a +0 rapier
 w - a +0 falchion (weapon)
Missiles
 m - 14 poisoned needles
 n - 144 stones
 p - a throwing net (quivered)
Magical devices
 u - a wand of slowing (18)
Scrolls
 c - 3 scrolls of identify {unknown}
 i - 2 scrolls of random uselessness {unknown}
 j - 2 scrolls of magic mapping {unknown}
 k - a scroll of blinking {unknown}
 l - 3 scrolls of remove curse {unknown}
 q - 2 scrolls of teleportation {unknown}
 y - a scroll of noise {unknown}
Potions
 e - 2 potions of curing {unknown}
 h - a potion of restore abilities {unknown}
 r - 3 potions of flight {unknown}
 s - a potion of agility {unknown}
 v - a potion of might {unknown}
 x - a potion of brilliance {unknown}
Comestibles
 d - 2 slices of pizza
 g - 2 bread rations
 t - 4 fruits
 z - a royal jelly
 A - a meat ration


   Skills:
 - Level 2.2 Fighting
 - Level 2.0(2.5) Short Blades
 - Level 2.4(2.8) Long Blades
 * Level 4.4 Throwing
 - Level 1.5 Dodging
 - Level 10.1 Stealth


You had 6 spell levels left.
You didn't know any spells.

Dungeon Overview and Level Annotations

Branches:
Dungeon (4/15)
 Temple: D:4-7

Altars:
Gozag
Qazlal
Trog
Vehumet

Shops:
D:4 [

Annotations:
D:4 Sigmund


Innate Abilities, Weirdness & Mutations

You cannot wear most types of armour.
You are amphibious.
You can wear up to eight rings at the same time.
You can use your tentacles to constrict many enemies at once.
Your skin changes colour to match your surroundings (Stealth).
Your rubbery body absorbs attacks (AC +1).


Message History

You hear some strange, mumbled words.
You are confused.
Drink which item? (? for menu, Esc to quit)
You feel yourself speed up.
You are very lightly contaminated with residual magic.
You hear some strange, mumbled words.
You are more confused.
Something hits you.
* * * LOW HITPOINT WARNING * * *
x2 Wield which item (- for none, * to show all)? (? for menu, Esc to quit)
w - a +0 falchion (weapon)
You hear some strange, mumbled words.
You are more confused.
You're too confused!
Something hits you.
* * * LOW HITPOINT WARNING * * *
x2 You're too confused to move!
You hear some strange, mumbled words.
The puff of flame hits you!
You die...

# #>##.#####.)...# ##### #.#
###.##.#####.##..##### #.#
.....................# #.#
..#######..#########.# #.###
..#[............(.(#.# #.##.
#)##...........#...#.# #.##.
#.#........(#)##.###.# #.##.
#)#..######.###..#PP.########.##.
#)# #≈.......@#P...††......##.
#.# #≈.....#%.#P...##########.
..################...## #.
............÷........# #.
........#.#.####.##..###########.
..........#.###..................
...#####.##.........#############
...##.......###..####
.......<.........#


There were no monsters in sight!

Vanquished Creatures
  Eustachio (D:4)
  Blork the orc (D:4)
  A hound (D:4)
  2 orc wizards
  An orc priest (D:3)
  2 worker ants (D:4)
  Natasha (thrice) (D:3)
  Robin (D:2)
  4 gnolls (D:2)
  8 adders
  2 worms
  2 giant geckos
  2 oozes
  12 orcs
  11 bats
  3 giant cockroaches
  19 goblins
  19 hobgoblins
  5 jackals
  10 kobolds
  6 quokkas
  2 ball pythons
  4 giant newts
  14 rats
135 creatures vanquished.

Notes
Turn   | Place    | Note
--------------------------------------------------------------
     0 | D:1      | McCoppin, the Octopode Assassin, began the quest for the Orb.
     0 | D:1      | Reached XP level 1. HP: 14/14 MP: 1/1
   231 | D:1      | Reached XP level 2. HP: 16/19 MP: 2/2
   232 | D:1      | Reached skill level 6 in Stealth
   703 | D:1      | Reached XP level 3. HP: 24/24 MP: 3/3
   968 | D:2      | Reached skill level 7 in Stealth
  1084 | D:2      | Reached XP level 4. HP: 25/29 MP: 4/4
  1103 | D:2      | Reached skill level 8 in Stealth
  1366 | D:2      | Found a bloodstained altar of Trog.
  1395 | D:2      | Found a radiant altar of Vehumet.
  1514 | D:2      | Noticed Robin
  1541 | D:2      | Found a stormy altar of Qazlal.
  1543 | D:2      | Noticed a fire elemental
  1544 | D:2      | Noticed a water elemental
  1544 | D:2      | Noticed an earth elemental
  1544 | D:2      | Noticed an air elemental
  1577 | D:2      | Killed Robin
  1579 | D:2      | Reached XP level 5. HP: 24/34 MP: 5/5
  2074 | D:2      | Reached skill level 9 in Stealth
  2382 | D:3      | Noticed Natasha
  2394 | D:3      | Killed Natasha
  3165 | D:3      | Noticed Natasha
  3172 | D:3      | Killed Natasha
  3172 | D:3      | Reached XP level 6. HP: 26/39 MP: 6/6
  3333 | D:3      | Reached skill level 10 in Stealth
  3444 | D:3      | Noticed Natasha
  3445 | D:3      | Killed Natasha
  3849 | D:4      | Noticed Eustachio
  4327 | D:4      | Reached skill level 1 in Long Blades
  4666 | D:4      | Noticed Blork the orc
  4739 | D:4      | Found Usacs' Antique Armour Shoppe.
  5040 | D:4      | Killed Blork the orc
  5040 | D:4      | Reached XP level 7. HP: 35/45 MP: 7/7
  5121 | D:4      | Found an opulent altar of Gozag.
  5414 | D:4      | Killed Eustachio
  5500 | D:4      | Noticed Sigmund
  5529 | D:4      | HP: 2/45 [something (3)]
  5530 | D:4      | Killed from afar by Sigmund

Action                   |  1- 3 |  4- 6 |  7- 9 || total
-------------------------+-------+-------+-------++-------
Melee: Dagger            |    41 |   143 |     2 ||   186
       Falchion          |       |     6 |    15 ||    21
 Fire: Blowgun           |    25 |    76 |    23 ||   124
Throw: Stone             |       |     3 |       ||     3
  Use: Potion            |       |       |     1 ||     1
 Stab: Sleeping          |    21 |    34 |     4 ||    59
       Distracted        |     1 |     3 |       ||     4
  Eat: Meat ration       |       |     2 |       ||     2
       Beef jerky        |       |     1 |       ||     1
       Fruit             |       |     1 |       ||     1
       Chunk             |       |       |     1 ||     1
